 Dungeon Crawl Stone Soup version 0.29.1-12-g30fa7ad0bf (webtiles) character file.

Game seed: 7799152982670788125

3882 Oxelix the Carver (level 10, -4/87 (94) HPs)
             Began as a Minotaur Berserker on Jan 4, 2023.
             Was an Elder of Trog.
             Slain by a wight
             ... wielding a +4 battleaxe of freezing
              (6 damage)
             ... on level 7 of the Dungeon.
             The game lasted 00:14:14 (8328 turns).

Oxelix the Carver (Minotaur Berserker)              Turns: 8328, Time: 00:14:15

HP:   -4/87 (94)    AC: 12    Str: 25    XL:     10   Next: 0%
MP:   9/9           EV:  7    Int:  4    God:    Trog [****..]
Gold: 346           SH:  0    Dex: 11    Spells: 9/9 levels left

rFire   . . .      SeeInvis .   z - +0 scimitar
rCold   . . .      Faith    .   A - orb {mayhem}
rNeg    . . .      Spirit   .   y - +0 plate armour
rPois   .          Reflect  .   (helmet restricted)
rElec   .          Harm     .   (no cloak)
rCorr   .          Rampage  .   D - +0 pair of gloves
Will    +....                   (no boots)
Stlth   ..........              (no amulet)
HPRegen 0.24/turn               k - ring of willpower
MPRegen 0.11/turn               (no ring)

@: mesmerised, drained
A: horns 2, retaliatory headbutt
a: Renounce Religion, Berserk, Trog's Hand, Brothers in Arms


You were on level 7 of the Dungeon.
You worshipped Trog.
Trog was greatly pleased with you.
You visited 1 branch of the dungeon, and saw 7 of its levels.

You collected 436 gold pieces.
You spent 90 gold pieces at shops.

Inventory:

Hand Weapons
 z - a +0 scimitar (weapon)
Missiles
 v - 7 boomerangs (quivered)
Armour
 y - a +0 plate armour (worn)
 A - an orb of mayhem (worn)
 D - a +0 pair of gloves (worn)
Jewellery
 k - a ring of willpower (left hand)
 F - a +4 ring of protection
Wands
 a - a wand of flame (29)
 q - a wand of polymorph (6)
 r - a wand of charming (13)
 B - a wand of quicksilver (1)
 C - a wand of digging (4)
Scrolls
 c - 9 scrolls of identify {unknown}
 f - 5 scrolls of teleportation {unknown}
 g - a scroll of silence {unknown}
 h - 2 scrolls of immolation {unknown}
 i - a scroll of magic mapping {unknown}
 j - 2 scrolls of fog {unknown}
 m - 2 scrolls of enchant weapon {unknown}
 n - a scroll of vulnerability {unknown}
 o - 2 scrolls of noise {unknown}
 w - 2 scrolls of poison {unknown}
 x - a scroll of fear {unknown}
 G - a scroll of amnesia {unknown}
Potions
 d - a potion of berserk rage {unknown}
 e - 2 potions of magic
 p - 2 potions of experience {unknown}
 s - 2 potions of flight {unknown}
 t - 2 potions of brilliance {unknown}
 u - 2 potions of lignification {unknown}
 E - a potion of mutation {unknown}
 H - a potion of cancellation {unknown}


   Skills:
 + Level 10.6 Fighting
 * Level 14.2 Long Blades
 - Level 2.4 Armour
 - Level 2.1 Dodging


You had 9 spell levels left.
You didn't know any spells.
Your spell library was empty.

Dungeon Overview and Level Annotations

Branches:
Dungeon (7/15)             Temple (0/1) D:6

Altars:
Ashenzari
Dithmenos
Fedhas
Makhleb
Nemelex Xobeh
Okawaru
Uskayaw
Wu Jian
Xom
Zin

Shops:
D:1 (

Annotations:
D:7 Maggie


Innate Abilities, Weirdness & Mutations

You have a pair of horns on your head.
You reflexively headbutt those who attack you in melee.


Message History

The wight hits you with a +2 scimitar of freezing!
* * * LOW HITPOINT WARNING * * *
You feel drained.
* * * LOW HITPOINT WARNING * * *
The wight freezes you.
* * * LOW HITPOINT WARNING * * *
The wight hits your ogre with a +4 battleaxe of freezing!
The wight freezes your ogre.
Your ogre dies!
Your ogre's corpse disappears in a puff of smoke!
You feel better. The wight barely misses you. x2
You feel better. The wight barely misses you. The wight closely misses you.
The wight hits you with a +4 battleaxe of freezing!
* * * LOW HITPOINT WARNING * * *
The wight freezes you.
* * * LOW HITPOINT WARNING * * *
You feel better.
The wight hits you with a +2 scimitar of freezing.
* * * LOW HITPOINT WARNING * * *
You feel drained.
* * * LOW HITPOINT WARNING * * *
The wight freezes you.
* * * LOW HITPOINT WARNING * * *
The wight hits you but does no damage.
You feel better. The wight closely misses you.
The wight hits you with a +4 dire flail.
* * * LOW HITPOINT WARNING * * *
The wight barely misses you. You furiously retaliate!
You headbutt the wight. The wight barely misses you.
It was a potion of magic.
Magic courses through your body.
The wight hits you with a +2 scimitar of freezing.
* * * LOW HITPOINT WARNING * * *
You feel drained.
* * * LOW HITPOINT WARNING * * *
The wight freezes you.
* * * LOW HITPOINT WARNING * * *
The wight hits you with a +4 dire flail.
* * * LOW HITPOINT WARNING * * *
The wight hits you with a +4 battleaxe of freezing.
You die...

.......## ###⌠#⌠## ........##
##≈≈≈≈≈§§ .........#####
#⌠≈.....§ .............##
##≈.._..≈ ........z9....####
####⌠§.....≈
.).....##..#...#.####..##§≈≈.≈≈≈
....... #..#..)@..##...≈####'###
....... #..###zzz......≈≈§≈≈.≈≈≈
....... ..## ##@z#....#####..#..
..........# #.........#........
........... ##...........#.....
.........#. .............###...
...............##...
#...#.>.........###...
#....#..#..........#..#
.....##.###...........##
......#.. #...........#


You could see Maggie (mesmerising) and 4 wights.

Vanquished Creatures
  Duvessa (D:7)
  A water moccasin (D:7)
  2 ice beasts (D:6)
  2 orc warriors
  2 sky beasts (D:7)
  3 black bears
  3 ogres
  A centaur (D:5)
  3 kobold brigands (D:6)
  Blork the orc (D:5)
  2 bullfrogs (D:7)
  6 scorpions
  3 wights (D:6)
  Dowan (D:7)
  3 killer bees (D:7)
  3 howler monkeys
  2 hounds
  A jelly (D:6)
  An orc priest (D:6)
  A gnoll bouda (D:6)
  3 iguanas
  Natasha (D:4)
  9 orc wizards
  6 gnolls (D:6)
  8 adders
  2 shadow imps
  2 white imps
  4 worms
  A dart slug (D:1)
  18 orcs
  7 endoplasms
  7 giant cockroaches
  5 goblins
  6 hobgoblins
  5 jackals
  14 kobolds
  4 quokkas
  A ball python (D:1)
  8 bats
  4 frilled lizards
  5 rats
162 creatures vanquished.

Vanquished Creatures (collateral kills)
  A gargoyle (D:7)
  A centaur (D:7)
  A wight (D:7)
  A killer bee (D:7)
  A howler monkey (D:7)
  An orc priest (D:6)
  2 orc wizards (D:6)
  A gnoll (D:6)
  3 orcs
  A giant cockroach (D:6)
  3 kobolds (D:6)
16 creatures vanquished.

Vanquished Creatures (others)
  A gnoll bouda (D:6)
  2 gnolls (D:6)
  2 kobolds (D:6)
5 creatures vanquished.

Grand Total: 183 creatures vanquished

Notes
Turn   | Place    | Note
-------+----------+-------------------------------------------
     0 | D:1      | Oxelix the Minotaur Berserker began the quest for the Orb.
     0 | D:1      | Reached XP level 1. HP: 19/19 MP: 0/0
    76 | D:1      | Found Risoy's Antique Weapon Shop.
   125 | D:1      | Reached skill level 4 in Long Blades
   313 | D:1      | Reached XP level 2. HP: 25/27 MP: 1/1
   403 | D:1      | Found a faded altar of an unknown god.
  1771 | D:2      | Reached XP level 3. HP: 24/33 MP: 2/2
  1954 | D:2      | Reached skill level 5 in Long Blades
  2196 | D:2      | Reached ** piety under Trog
  2427 | D:3      | Reached XP level 4. HP: 41/41 MP: 3/3
  2547 | D:3      | Found a shadowy altar of Dithmenos.
  2681 | D:3      | Found a sparkling altar of Nemelex Xobeh.
  2744 | D:3      | Found an iron altar of Okawaru.
  3517 | D:4      | Reached skill level 5 in Fighting
  3517 | D:4      | Reached skill level 6 in Long Blades
  3517 | D:4      | Reached XP level 5. HP: 48/48 MP: 4/4
  3566 | D:4      | Found a blossoming altar of Fedhas.
  3823 | D:4      | Noticed Natasha
  3828 | D:4      | Killed Natasha
  3896 | D:4      | Reached skill level 7 in Long Blades
  3896 | D:4      | Reached XP level 6. HP: 49/56 MP: 5/5
  4294 | D:5      | Entered Level 5 of the Dungeon
  4336 | D:5      | Reached *** piety under Trog
  4560 | D:5      | Reached skill level 8 in Long Blades
  4560 | D:5      | Reached XP level 7. HP: 24/63 MP: 6/6
  4826 | D:5      | Found a broken altar of Ashenzari.
  4945 | D:5      | Noticed Blork the orc
  4963 | D:5      | Killed Blork the orc
  5201 | D:5      | Reached skill level 9 in Long Blades
  5530 | D:6      | Reached XP level 8. HP: 73/73 MP: 7/7
  5548 | D:6      | Reached skill level 10 in Long Blades
  5809 | D:6      | Found a staircase to the Ecumenical Temple.
  5873 | D:6      | Reached skill level 11 in Long Blades
  5896 | D:6      | Found an ornate altar of the Wu Jian Council.
  6334 | D:6      | Found Zin's Purification Station.
  6335 | D:6      | Found a glowing silver altar of Zin.
  6355 | D:6      | Bought a potion of curing for 90 gold pieces
  6525 | D:6      | Reached skill level 12 in Long Blades
  6525 | D:6      | Reached XP level 9. HP: 82/82 MP: 8/8
  6636 | D:6      | Found a shimmering altar of Xom.
  6664 | D:6      | Found a hide-covered altar of Uskayaw.
  6679 | D:6      | Reached **** piety under Trog
  7873 | D:7      | Noticed Dowan
  7873 | D:7      | Noticed Duvessa
  7886 | D:7      | Killed Duvessa
  7887 | D:7      | Reached skill level 13 in Long Blades
  7893 | D:7      | Killed Dowan
  7903 | D:7      | Reached skill level 10 in Fighting
  7933 | D:7      | Noticed Maggie
  7943 | D:7      | Reached skill level 14 in Long Blades
  8259 | D:7      | Found a burning altar of Makhleb.
  8290 | D:7      | Noticed a gargoyle
  8321 | D:7      | Killed a gargoyle
  8322 | D:7      | Reached XP level 10. HP: 14/94 MP: 9/9
  8323 | D:7      | HP: 4/91 [wight/+2 scimitar of freezing (3)]
  8328 | D:7      | HP: 4/87 [wight/+2 scimitar of freezing (2)]
  8328 | D:7      | Slain by a wight

Illustrated notes

Levels and vault maps discovered:
D:1:      scummos_arrival_gate, layout_basic, shapermc_ecumenical_altar_venn,
          serial_shops, shop
D:2:      layout_basic, minmay_circle_x
D:3:      layout_loops_ring, lemuel_round_altar,
          grunt_dithmenos_smoke_and_mirrors, okawaru_trees_2,
          minmay_close_crescents
D:4:      layout_loops_ring, mainiacjoe_overflow_paths, kennysheep_potato,
          uniq_natasha
D:5:      layout_rooms, nicolae_ashenzari_panopticon, uniq_blork_the_orc
D:6:      layout_basic, nicolae_uskayaw_dance_studio,
          mainiacjoe_overflow_cross_hatched, mainiacjoe_overflow_chevrons,
          zin_purify, minmay_temple_entry_arrows, gup_sewer_entry_glass,
          minmay_diced_spiral
D:7:      layout_cave_pools, lightli_temple_of_fire, nzn_hepliaklqana_mist_gate,
          trog_ov_bears_minmay, chequers_serial_rivers_small_3, uniq_duvessa,
          uniq_maggie

Skill      XL: |  1  2  3  4  5  6  7  8  9 |
---------------+----------------------------+-----
Long Blades    | 4 5 6 7 8 9 12 14 | 14.2
Fighting       | 4 5 6 7 8 10 | 10.6
Armour         | |  2.4
Dodging        | |  2.1

Action                   |  1- 3 |  4- 6 |  7- 9 | 10-12 || total
-------------------------+-------+-------+-------+-------++-------
Melee: Falchion          |    87 |   115 |    16 |       ||   218
       Headbutt          |    13 |    24 |    51 |       ||    88
       Scimitar          |       |       |   251 |     2 ||   253
Throw: Boomerang         |       |     3 |       |       ||     3
Invok: Berserk           |     1 |     1 |     8 |       ||    10
       Trog's Hand       |       |       |     2 |       ||     2
       Brothers in Arms  |       |       |     1 |       ||     1
  Use: Potion            |       |       |     1 |     5 ||     6
 Stab: Sleeping          |     1 |       |       |       ||     1
       Distracted        |       |       |     2 |       ||     2
Armor: Animal skin       |     4 |       |       |       ||     4
       Leather armour    |     4 |       |       |       ||     4
       Ring mail         |    16 |     8 |       |       ||    24
       Chain mail        |       |    51 |       |       ||    51
       Plate armour      |       |       |   153 |     1 ||   154
Dodge: Dodged            |    63 |    53 |   109 |     7 ||   232
